 Dungeon Crawl Stone Soup version 0.28-a0-984-g3775c662fe (webtiles) character file.

Game seed: 9540557344928477626

39 demibob the Magician (level 3, 24/24 HPs)
             Began as a Demonspawn Wanderer on Dec 3, 2021.
             Was a Follower of Sif Muna.
             Quit the game on level 2 of the Dungeon.
             The game lasted 00:02:34 (1977 turns).

demibob the Magician (Demonspawn Wanderer)          Turns: 1977, Time: 00:02:34

Health: 24/24      AC:  2    Str: 13    XL:     3   Next: 26%
Magic:  6/6        EV: 11    Int:  8    God:    Sif Muna [*.....]
Gold:   77         SH:  0    Dex: 13    Spells: 5/6 levels left

rFire   + + .      SeeInvis .   a - +2 dagger
rCold   . . .      Faith    .   (no shield)
rNeg    . . .      Spirit   .   d - +0 robe
rPois   .          Reflect  .   (no helmet)
rElec   .          Harm     .   (no cloak)
rCorr   .          Rampage  .   (no gloves)
Will    +....                   (no boots)
Stlth   ++........              g - amulet "Oxaalui" {RegenMP rF++ Will+ Int-5}
HPRegen 0.08/turn               (no ring)
MPRegen 0.50/turn               (no ring)

@: no status effects
A: powered by pain 1, demonic touch 1
a: Renounce Religion, Channel Magic


You were on level 2 of the Dungeon.
You worshipped Sif Muna.
Sif Muna was aware of your devotion.
You visited 1 branch of the dungeon, and saw 2 of its levels.

You collected 77 gold pieces.


Innate Abilities, Weirdness & Mutations

You sometimes gain a little power by taking damage.
Your touch may inflict minor irresistible damage on your foes.


   Skills:
 - Level 1.6 Polearms
 - Level 1.0 Dodging
 - Level 1.7 Stealth
 * Level 2.0 Unarmed Combat
 - Level 2.0 Spellcasting
 - Level 1.7 Fire Magic
 - Level 1.3 Poison Magic
 - Level 1.0 Evocations


You had 5 spell levels left.
You knew the following spells:

 Your Spells              Type           Power      Damage    Failure   Level
z - Sting                 Tmut/Pois      4%         1d3       26%         1

Your spell library contained the following spells:

 Spells                   Type           Power      Damage    Failure   Level
 Spider Form              Tmut/Pois      1%         N/A       63%         3

Inventory:

Hand Weapons
 a - a +2 dagger (weapon)
Missiles
 i - 18 poisoned darts
Armour
 d - a +0 robe (worn)
Jewellery
 g - the amulet "Oxaalui" (around neck) {RegenMP rF++ Will+ Int-5}
   (You acquired it on level 1 of the Dungeon)

   [amulet of magic regeneration]

   It increases your rate of magic regeneration.
   Int:       It affects your intelligence (-5).
   rF:        It greatly protects you from fire.
   Will:      It increases your willpower.
Scrolls
 b - a scroll of blinking
 c - 4 scrolls of teleportation {@r2}
 f - a scroll of enchant armour {unknown}
 h - 2 scrolls of identify {unknown}
Potions
 e - 3 potions of curing {unknown}

Dungeon Overview and Level Annotations

Branches:
Dungeon (2/15)

Altars:
Sif Muna

# ▒... ...▓ ####
▒▒...▓ ######...
▒....▓ .#......##
▒▒....##.#.#....#
▒........ #.#.##
▒......### #.#....
▒@.......#.#.#####
▒.....####.#.###
▒...)#....<..>.#
▒▒...######....#
▒...## #....#
▒▒...# #....###
▒...## #.......
▒....# ##<...###
#....# #......#


There were no monsters in sight!


Message History

You hit the quokka but do no damage.
You touch the quokka.
The quokka is almost dead.
The quokka bites you.
The quokka bites you but does no damage.
You barely miss the quokka.
The quokka is almost dead.
The quokka barely misses you.
You hit the quokka.
You kill the quokka!
Your Unarmed Combat skill increases to level 2!
No target in view!
You see here a quokka corpse.
Found 18 poisoned darts.
A goblin comes into view. It is wielding a +0 club.
Found a faded altar of an unknown god.
A goblin is nearby!
You hit the goblin.
The goblin is severely wounded.
The goblin hits you but does no damage.
You hit the goblin.
You kill the goblin!
No target in view!
You see here 18 poisoned darts.
i - 18 poisoned darts
There is a faded altar of an unknown god here.
You cannot tell which god this altar belongs to.
Convert to them anyway?
Sif Muna accepts your prayer! Sif Muna welcomes you!
You can now call upon Sif Muna for magical energy.
Are you sure you want to abandon this character and quit the game? (Confirm with "yes".)

Skill      XL: |  1  2  3 |
---------------+----------+-----
Unarmed Combat | 1 2 |  2.0
Polearms       | |  1.6
Dodging        | |  1.0
Stealth        | |  1.7
Spellcasting   | |  2.0
Fire Magic     | |  1.7
Poison Magic   | |  1.3
Evocations     | |  1.0

Action                   || total
-------------------------++-------
Melee: Dagger            ||    82
       Touch             ||    11
  Use: Scroll            ||     1
 Stab: Sleeping          ||     4
Armor: Robe              ||    14
Dodge: Dodged            ||    56

Levels and vault maps discovered:
D:1:      dpeg_arrival_rooms_with_view, layout_rooms
D:2:      layout_basic, hellmonk_ecumenical_altar_zigzags

Notes
Turn   | Place    | Note
-------+----------+-------------------------------------------
     0 | D:1      | demibob the Demonspawn Wanderer began the quest for the
                  | Orb.
     0 | D:1      | demibob set off with the following items: a +2 dagger, a
                  | scroll of blinking, a scroll of teleportation {@r2}, a +0
                  | robe; and the following spell memorised: Sting; and the
                  | following spells available to memorise: Spider Form
     0 | D:1      | Reached XP level 1. HP: 13/13 MP: 3/3
   204 | D:1      | Gained mutation: Your touch may inflict minor irresistible
                  | damage on your foes. [demonic ancestry]
   204 | D:1      | Reached XP level 2. HP: 11/19 MP: 5/5
   580 | D:1      | Reached skill level 1 in Unarmed Combat
   863 | D:1      | Identified a scroll of acquirement
   863 | D:1      | Acquired the amulet "Oxaalui" {RegenMP rF++ Will+ Int-5}
  1321 | D:2      | Gained mutation: You sometimes gain a little power by
                  | taking damage. [demonic ancestry]
  1321 | D:2      | Reached XP level 3. HP: 14/24 MP: 6/6
  1853 | D:2      | Reached skill level 2 in Unarmed Combat
  1953 | D:2      | Found a faded altar of an unknown god.
  1976 | D:2      | Prayed at the altar of an unknown god.
  1976 | D:2      | Became a worshipper of Sif Muna the Loreminder
  1976 | D:2      | Reached * piety under Sif Muna
  1977 | D:2      | Quit the game

Vanquished Creatures
  3 dart slugs
  5 ball pythons
  5 bats
  2 endoplasms (D:1)
  A giant cockroach (D:2)
  A goblin (D:2)
  A hobgoblin (D:2)
  3 quokkas
  A frilled lizard (D:1)
  6 kobolds
  3 rats
31 creatures vanquished.

Table legend: (Time is in decaauts)
 A = Elapsed time spent in this place.
 B = Non-inter-level travel time spent in this place.
 C = Inter-level travel time spent in this place.
 D = Time resting spent in this place.
 E = Time spent auto-exploring this place.
 F = Levels seen in this place.
 G = Mean time per level.
                   A        B        C        D        E       F      G
               +--------+--------+--------+--------+--------+-----+--------+
         Total |   1980 |   1930 |     50 |    668 |    961 |   2 |  990.0 |
       Dungeon |   1980 |   1930 |     50 |    668 |    961 |   2 |  990.0 |
               +--------+--------+--------+--------+--------+-----+--------+

Top non-repeatable levels by time:
     D:1: 1064 daAuts
     D:2: 916 daAuts

Table legend:
 A = Non-vault XP
 B = Vault XP
 C = Vault XP percentage of total XP
 D = Non-vault monster count
 E = Vault monster count
 F = Vault count percentage of total count
                 A         B        C        D         E       F
            +---------+---------+-------+---------+---------+-------
      Total |      53 |       3 |   5.4 |      29 |       2 |   6.5
            +---------+---------+-------+---------+---------+-------
        D:1 |      32 |       3 |   8.6 |      17 |       2 |  10.5
        D:2 |      21 |       0 |   0.0 |      12 |       0 |   0.0
            +---------+---------+-------+---------+---------+-------
